 Dungeon Crawl Stone Soup version 0.26.0-20-g3ca415f5b8 (webtiles) character file.

Game seed: 13947573697390543105

1920 iamoutofideas the Magician (level 8, -1/52 HPs)
             Began as a Demonspawn Fire Elementalist on Jan 25, 2021.
             Was a Believer of Vehumet.
             Killed by miscasting Fireball (13 damage)
             ... on level 7 of the Dungeon.
             The game lasted 00:22:49 (10115 turns).

iamoutofideas the Magician (DsFE)                  Turns: 10115, Time: 00:22:49

Health: -1/52      AC:  9    Str:  8    XL:     8   Next: 95%
Magic:  4/18       EV: 12    Int: 19    God:    Vehumet [**....]
Gold:   187        SH:  5    Dex: 19    Spells: 8/21 levels left

rFire    + . .     SeeInvis .   y - +2 long sword of Rani {flame, Dex+5}
rCold    + . .     Faith    .   (no shield)
rNeg     . . .     Spirit   .   u - +1 leather armour {rF+}
rPois    .         Reflect  +   (helmet restricted)
rElec    .         Harm     .   (no cloak)
rCorr    .         Rampage  .   (no gloves)
Will     +....                  k - +1 pair of boots
Stlth    ++........             l - amulet of reflection
HPRegen  0.17/turn              o - ring of protection from cold
MPRegen  0.16/turn              b - ring of willpower

@: very slightly contaminated
A: horns 2, slimy green scales 2, powered by death 2
a: Renounce Religion


You were on level 7 of the Dungeon.
You worshipped Vehumet.
Vehumet was pleased with you.
You visited 1 branch of the dungeon, and saw 7 of its levels.

You collected 294 gold pieces.
You spent 107 gold pieces at shops.

Inventory:

Hand Weapons
 n - a +2 short sword of venom
 y - the +2 long sword of Rani (weapon) {flame, Dex+5}
   (You found it on level 6 of the Dungeon)

   It has been specially enchanted to burn those struck by it, causing extra
   injury to most foes and up to half again as much damage against particularly
   susceptible opponents.
   Big, fiery blades are also staple armaments of hydra-hunters.
   It affects your dexterity (+5).
Armour
 a - a +0 robe
 h - a +0 robe of the Archmagi
 k - a +1 pair of boots (worn)
 u - a +1 leather armour of fire resistance (worn)
Jewellery
 b - a ring of willpower (right hand)
 l - an amulet of reflection (around neck)
 o - a ring of protection from cold (left hand)
 z - an uncursed amulet of the acrobat
Wands
 m - a wand of iceblast (7)
 q - a wand of acid (9)
Scrolls
 c - a scroll of immolation
 d - a scroll of blinking
 e - a scroll of amnesia
 g - a scroll of fog
 j - 3 scrolls of remove curse
 v - a scroll of teleportation
Potions
 f - a potion of haste
 i - a potion of brilliance
 p - a potion of magic {unknown}
 r - a potion of attraction
 s - a potion of resistance
 t - a potion of curing {unknown}
 w - 2 potions of invisibility
 x - 2 potions of heal wounds


   Skills:
 - Level 1.8 Dodging
 - Level 1.8 Stealth
 + Level 7.0 Spellcasting
 + Level 6.3 Conjurations
 + Level 6.4 Fire Magic


You had 8 spell levels left.
You knew the following spells:

 Your Spells              Type           Power        Failure   Level
a - Foxfire               Conj/Fire      100%         1%          1
b - Conjure Flame         Conj/Fire      30%          3%          3
c - Sticky Flame          Conj/Fire      30%          11%         4
d - Fireball              Conj/Fire      15%          30%         5

Your spell library contained the following spells:

 Spells                   Type           Power        Failure   Level
 Magic Dart               Conj           100%         1%          1
 Inner Flame              Hex/Fire       18%          12%         3


Dungeon Overview and Level Annotations

Branches:
Dungeon (7/15)             Temple (0/1) D:6

Altars:
Elyvilon
Gozag
Hepliaklqana
Trog
Vehumet
Zin

Shops:
D:4 *   D:7 !

Annotations:
D:3 exclusion: 2 downstairs
D:5 exclusions: downstairs and upstairs
D:6 1 exclusion, Maggie
D:7 Menkaure


Innate Abilities, Weirdness & Mutations

You have a pair of horns on your head.
You are mostly covered in slimy green scales. (AC +3)
You regenerate health from kills.


Message History

Okay, then.
Casting: Foxfire (safe; 1% risk of failure)
Confirm with . or Enter, or press ? or * to list all spells.
The spell is quite dangerous to cast (30% risk of failure)!
Continue anyway?
Aiming: Fireball (quite dangerous; 30% risk of failure)
Press: ? - help, Shift-Dir - straight line, f - Menkaure
Aim: Menkaure (wisps of flame, almost destroyed, fast)
You miscast Fireball.
You are very lightly contaminated with residual magic.
Sparks fly from your hands!
* * * LOW HITPOINT WARNING * * *
Okay, then.
Casting: Fireball (quite dangerous; 30% risk of failure)
Confirm with . or Enter, or press ? or * to list all spells.
The spell is quite dangerous to cast (30% risk of failure)!
Continue anyway?
Aiming: Fireball (quite dangerous; 30% risk of failure)
Press: ? - help, Shift-Dir - straight line, f/p - Menkaure
Aim: Menkaure (almost destroyed, fast)
You miscast Fireball.
You are blasted with magical energy!
You die...

#.#######.# #.# #.# #.# #.# #.#
#.# #.# #.# #.# #.# ### #.# #.#
#.########.#### #.# #.#
#####.........#...# #.# #.#
#...########.###..###
#.#######.###...........####.....
.........v##..M.@#§....## #.....#
#.######.....###.....##÷###...<.#
#.######.###.###.##..###.##.....#
#.##............###### #..#....##
#.##.###.######## #)#.###.#
#....# #.# #.....).# ###..###.###
###.###### ...........# #.##....
###..###.#.# #.##.###


You could see Menkaure (fast).

Vanquished Creatures
  Prince Ribbit (D:7)
  Edmund (D:4)
  A sky beast (D:2)
  A centaur (D:6)
  2 ogres (D:5)
  A bullfrog (D:7)
  A scorpion (D:7)
  10 wights
  A hound (D:5)
  2 jellies (D:7)
  2 orc wizards (D:6)
  A bullfrog skeleton (D:6)
  A gnoll shaman (D:5)
  2 orc priests
  2 iguanas
  5 worker ants
  A hound skeleton (D:5)
  7 gnolls
  9 adders
  A shadow imp (D:5)
  4 white imps
  An ufetubus (D:6)
  An ooze (D:3)
  3 worms (D:2)
  A leopard gecko (D:4)
  11 orcs
  3 giant cockroaches
  7 goblins
  10 hobgoblins
  9 jackals
  2 quokkas (D:3)
  A ball python (D:3)
  8 bats
  6 frilled lizards
  A jackal zombie (D:5)
  8 kobolds
  A quokka zombie (D:5)
  4 rats
133 creatures vanquished.

Vanquished Creatures (others)
  560 foxfires
560 creatures vanquished.

Grand Total: 693 creatures vanquished

Notes
Turn   | Place    | Note
-------+----------+-------------------------------------------
     0 | D:1      | iamoutofideas the Demonspawn Fire Elementalist began the
                  | quest for the Orb.
     0 | D:1      | Reached XP level 1. HP: 13/13 MP: 3/3
     4 | D:1      | Noticed a death yak
   606 | D:1      | Gained mutation: You regenerate a little health from kills.
                  | [demonic ancestry]
   606 | D:1      | Reached XP level 2. HP: 19/19 MP: 3/5
  1079 | D:1      | Noticed an elephant
  1387 | D:2      | Gained mutation: You regenerate health from kills. [demonic
                  | ancestry]
  1387 | D:2      | Reached XP level 3. HP: 12/24 MP: 2/6
  1655 | D:1      | Learned a level 3 spell: Conjure Flame
  2156 | D:2      | Found a faded altar of an unknown god.
  2509 | D:3      | Reached skill level 3 in Spellcasting
  2560 | D:3      | Gained mutation: You have a pair of small horns on your
                  | head. [demonic ancestry]
  2560 | D:3      | Reached XP level 4. HP: 30/30 MP: 0/8
  2629 | D:3      | Found a radiant altar of Vehumet.
  2664 | D:3      | Became a worshipper of Vehumet
  2943 | D:3      | Learned a level 4 spell: Sticky Flame
  3124 | D:3      | Gained mutation: You have a pair of horns on your head.
                  | [demonic ancestry]
  3124 | D:3      | Reached XP level 5. HP: 31/35 MP: 0/10
  3359 | D:3      | Found an opulent altar of Gozag.
  3360 | D:3      | Found a glowing silver altar of Zin.
  3815 | D:4      | Noticed a sky beast
  3860 | D:2      | Killed a sky beast
  3861 | D:2      | Reached skill level 4 in Spellcasting
  3861 | D:2      | Reached XP level 6. HP: 27/41 MP: 1/12
  4600 | D:3      | Learned a level 5 spell: Fireball
  4677 | D:4      | Reached * piety under Vehumet
  4677 | D:4      | Offered knowledge of Shock by Vehumet.
  4851 | D:4      | Found Zywuj's Assorted Antiques.
  4855 | D:4      | Bought a scroll labelled PEFESO ERONASM for 16 gold pieces
  4855 | D:4      | Bought a scroll labelled POGAICWOPN for 16 gold pieces
  4931 | D:4      | Noticed Edmund
  5153 | D:5      | Entered Level 5 of the Dungeon
  5535 | D:4      | Killed Edmund
  5536 | D:4      | Gained mutation: You are partially covered in slimy green
                  | scales. (AC +2) [demonic ancestry]
  5536 | D:4      | Reached XP level 7. HP: 30/46 MP: 3/14
  5896 | D:5      | Found a white marble altar of Elyvilon.
  6115 | D:5      | Reached skill level 5 in Spellcasting
  6115 | D:5      | Reached skill level 5 in Fire Magic
  7632 | D:6      | Noticed Maggie
  7835 | D:6      | Gained mutation: You are mostly covered in slimy green
                  | scales. (AC +3) [demonic ancestry]
  7835 | D:6      | Reached XP level 8. HP: 52/52 MP: 13/16
  7922 | D:6      | Got a crystal long sword
  7924 | D:6      | Identified the +2 long sword of Rani {flame, Dex+5} (You
                  | found it on level 6 of the Dungeon)
  8185 | D:6      | Found a staircase to the Ecumenical Temple.
  8257 | D:6      | Reached skill level 5 in Conjurations
  8500 | D:6      | Reached skill level 6 in Spellcasting
  8902 | D:6      | Found a bloodstained altar of Trog.
  8902 | D:6      | Found a hazy altar of Hepliaklqana.
  9152 | D:7      | Found Wabehao's Distillery.
  9158 | D:7      | Bought a potion of heal wounds for 75 gold pieces
  9482 | D:7      | Offered knowledge of Magic Dart by Vehumet.
  9586 | D:7      | Noticed Prince Ribbit
  9669 | D:7      | Killed Prince Ribbit
  9670 | D:7      | Reached skill level 7 in Spellcasting
  9983 | D:7      | Reached ** piety under Vehumet
 10028 | D:7      | Noticed Menkaure
 10115 | D:7      | Killed by miscasting Fireball

Illustrated notes

Levels and vault maps discovered:
D:1:      sevenhm_arrival_forest_fort_small_2, layout_basic
D:2:      layout_basic, chequers_ecumenical_altar_island
D:3:      layout_rooms, grunt_temple_overflow_gold_and_silver, vehumet_crystals
D:4:      layout_basic, serial_shops, nicolae_shop_behind_doors,
          minmay_fractal_squares_diagonal_5, uniq_edmund
D:5:      layout_basic, elyvilon_altar_4
D:6:      layout_basic, gammafunk_temple_overflow_statue,
          minmay_temple_entry_statues_fountains, uniq_maggie
D:7:      layout_loops_ring, serial_shops, shop, uniq_prince_ribbit1,
          uniq_menkaure

Skill      XL: |  1  2  3  4  5  6  7  8 |
---------------+-------------------------+-----
Fire Magic     | 3 4 5 6 |  6.4
Spellcasting   | 3 4 5 7 |  7.0
Conjurations   | 2 3 4 6 |  6.3
Dodging        | |  1.8
Stealth        | |  1.8

Action                   |  1- 3 |  4- 6 |  7- 9 || total
-------------------------+-------+-------+-------++-------
Melee: Unarmed           |    32 |     2 |       ||    34
       Short sword       |       |    16 |    11 ||    27
       Headbutt          |       |     4 |     2 ||     6
       Long sword        |       |       |    18 ||    18
 Cast: Foxfire           |    90 |   127 |   173 ||   390
       Sticky Flame      |       |     3 |     7 ||    10
       Conjure Flame     |       |     1 |     9 ||    10
Evoke: Wand              |       |     1 |       ||     1
  Use: Scroll            |       |     8 |     6 ||    14
       Potion            |       |     4 |       ||     4
 Stab: Sleeping          |     1 |     1 |       ||     2
Armor: Robe              |    18 |    26 |     3 ||    47
       Leather armour    |       |       |    27 ||    27
Dodge: Dodged            |    56 |    58 |    61 ||   175
Block: Other             |       |       |     1 ||     1
       Reflection        |       |       |     1 ||     1
       Rpst.: Long sword |       |       |     6 ||     6
